[Event "Titled Tuesday Blitz March 07 Early 2023"]
[White "Staudenhocker43"]
[Black "Perez Gormaz, Matias"]
[BlackFideId "3406342"]
[WhiteElo "2425"]
[BlackElo "2362"]
[Result "1-0"]
[Round "03"]
[TimeControl "180+2"]
[Date "2023.03.07"]
[WhiteClock "0:00:21"]
[BlackClock "0:00:04"]

1. c4 e5 2. Nc3 Nf6 3. Nf3 Nc6 4. e3 Bb4 5. Qc2 Bxc3 6. Qxc3 Qe7 7. d4 Ne4 8. Qd3 exd4 9. Nxd4 Nb4 10. Qd1 d5 11. a3 Nc6 12. cxd5 Ne5 13. Bb5+ Bd7 14. Bxd7+ Qxd7 15. f3 Nc5 16. e4 c6 17. O-O cxd5 18. exd5 O-O 19. Nc2 Rfe8 20. b4 Na4 21. Ne3 Rac8 22. Qd2 Nb6 23. Qd4 f6 24. Bb2 Rcd8 25. Rad1 Na4 26. Ba1 Nb6 27. d6 Qe6 28. Rfe1 Qb3 29. Qb2 Qxb2 30. Bxb2 Nec4 31. Nxc4 Nxc4 32. Rxe8+ Rxe8 33. d7 Rd8 34. Bc1 Ne5 35. Be3 a6 36. Rd6 Rxd7 37. Rxd7 Nxd7 38. Bd4 Kf7 39. Kf2 Ke7 40. Ke3 Kd6 41. Ke4 g6 42. g4 Ke6 43. h3 Nb8 44. Bc3 Nc6 45. a4 Ne7 46. Kd4 Nd5 47. Bd2 Kd6 48. b5 axb5 49. axb5 b6 50. Be1 Nc7 51. Bg3+ Kd7 52. Bxc7 Kxc7 53. Kd5 Kd7 54. f4 h6 55. h4 h5 56. gxh5 gxh5 57. f5 1-0


[Site "https://www.chess.com"]

[Event "Titled Tuesday Blitz March 07 Early 2023"]
[White "McLaren, Brian"]
[Black "Melikyan, Gnel"]
[WhiteFideId "2604612"]
[BlackFideId "54109990"]
[WhiteElo "2132"]
[BlackElo "2138"]
[Result "0-1"]
[Round "03"]
[TimeControl "180+2"]
[Date "2023.03.07"]
[WhiteClock "0:00:49"]
[BlackClock "0:00:07"]

1. e4 h6 2. d4 d5 3. Nc3 dxe4 4. Nxe4 Nf6 5. Nxf6+ exf6 6. Be3 Bd6 7. Nf3 O-O 8. Bd3 Nc6 9. h3 Re8 10. O-O Nb4 11. Be2 Nd5 12. Qd2 Nxe3 13. fxe3 Qe7 14. Kf2 f5 15. Rae1 h5 16. Bd3 h4 17. Kg1 Bg3 18. Re2 g6 19. e4 fxe4 20. Rxe4 Qd8 21. Ng5 f5 22. Rxe8+ Qxe8 23. Bc4+ Kg7 24. Nf3 b5 25. Bb3 Bb7 26. c3 Qe7 27. Ne5 Re8 28. Nd3 Qe2 29. Qxe2 Rxe2 30. d5 a5 31. a4 bxa4 32. Bc4 Rd2 33. Ra1 c6 34. d6 c5 35. Nxc5 Bf2+ 36. Kf1 Bxc5 37. d7 Bxg2+ 38. Ke1 Rxd7 39. Rxa4 Bb6 40. Be2 Bc6 41. Rc4 Be4 42. Rc8 Re7 43. Kd2 Bf2 44. Rb8 Rd7+ 45. Kc1 Be3# 0-1


[Site "https://www.chess.com"]

[Event "Titled Tuesday Blitz March 07 Early 2023"]
[White "Di Nicolantonio, Lucas"]
[Black "Sargissyan, Sargis"]
[WhiteFideId "680460"]
[BlackFideId "13303210"]
[WhiteElo "2358"]
[BlackElo "2109"]
[Result "1-0"]
[Round "03"]
[TimeControl "180+2"]
[Date "2023.03.07"]
[WhiteClock "0:00:59"]
[BlackClock "0:00:02"]

1. Nf3 Nf6 2. c4 g6 3. Nc3 Bg7 4. g3 O-O 5. Bg2 c6 6. O-O d5 7. d4 dxc4 8. Ne5 Nd5 9. Nxc4 Nxc3 10. bxc3 c5 11. Rb1 Nc6 12. e3 Na5 13. Qa4 Nxc4 14. Qxc4 Qc7 15. Ba3 Be6 16. Qxc5 Qxc5 17. Bxc5 Bxa2 18. Rxb7 Bc4 19. Ra1 a5 20. Rxe7 Rab8 21. Ra7 Rfc8 22. R7xa5 Bf8 23. Bxf8 Kxf8 24. h4 Rb2 25. Ra8 Rxa8 26. Rxa8+ Kg7 27. Rc8 Bd3 28. Bd5 h5 29. Rc7 1-0


[Site "https://www.chess.com"]

[Event "Titled Tuesday Blitz March 07 Early 2023"]
[White "Real_taiatai"]
[Black "Leiva, Gianmarco"]
[BlackFideId "3804399"]
[WhiteElo "2414"]
[BlackElo "2345"]
[Result "0-1"]
[Round "03"]
[TimeControl "180+2"]
[Date "2023.03.07"]
[WhiteClock "0:00:14"]
[BlackClock "0:00:09"]

1. d4 Nf6 2. c4 e6 3. g3 d5 4. Bg2 Be7 5. Nf3 O-O 6. O-O c6 7. Nc3 b6 8. Qc2 Bb7 9. e4 dxc4 10. a4 Na6 11. Qe2 Nb4 12. Qxc4 Ba6 13. Qb3 c5 14. Rd1 c4 15. Qa3 Bb7 16. d5 Bc5 17. Bg5 h6 18. Bxf6 Qxf6 19. e5 Qf5 20. Rac1 Nd3 21. Qa2 exd5 22. Rxd3 cxd3 23. Nxd5 Rad8 24. Rxc5 Qe6 25. Rc1 Bxd5 26. Qa3 d2 27. Rd1 Bxf3 28. Bxf3 Qxe5 29. a5 Qxa5 30. Qe7 Qc5 31. Qxa7 Rd6 32. Kg2 Rfd8 33. Qa4 Rf6 34. Qe4 Qd4 35. Qe2 g6 36. b3 Kg7 37. h4 h5 38. Qb5 Rdd6 39. Qe2 Rf5 40. Qe8 Rxf3 41. Kxf3 Rf6+ 42. Kg2 Qxf2+ 43. Kh3 Qf5+ 44. Kh2 Qc2 45. Qe2 Rf2+ 46. Qxf2 Qxd1 47. Qd4+ Kh7 48. Qd7 Qe2+ 49. Kh3 Qf1+ 50. Kh2 d1=Q 51. Qc6 Qde2+ 52. Qg2 Qexg2# 0-1


[Site "https://www.chess.com"]

[Event "Titled Tuesday Blitz March 07 Early 2023"]
[White "Zherebtsova, Alexandra"]
[Black "Kalashian, David"]
[WhiteFideId "24129518"]
[BlackFideId "13302418"]
[WhiteElo "2055"]
[BlackElo "2490"]
[Result "1-0"]
[Round "03"]
[TimeControl "180+2"]
[Date "2023.03.07"]
[WhiteClock "0:00:16"]
[BlackClock "0:00:26"]

1. d4 Nf6 2. Nf3 e6 3. c4 b6 4. g3 Ba6 5. Qc2 Bb4+ 6. Nbd2 O-O 7. Bg2 d5 8. a3 Bxd2+ 9. Nxd2 c6 10. e3 Nbd7 11. O-O Rc8 12. Rd1 c5 13. dxc5 Nxc5 14. b4 Ncd7 15. Qa4 Bxc4 16. Nxc4 Rxc4 17. Qxa7 Ne4 18. Bxe4 Rxe4 19. Bb2 b5 20. Bd4 Ne5 21. Bxe5 Rxe5 22. Qc5 Qb8 23. Rac1 Re4 24. Rd4 Rxd4 25. Qxd4 Qa8 26. Rc3 h6 27. h4 Rc8 28. Rxc8+ Qxc8 29. Qb6 Qc4 30. Qd8+ Kh7 31. Qd7 Qc1+ 32. Kg2 Qxa3 33. Qxb5 Qa7 34. Qc5 Qb7 35. b5 Qb8 36. b6 Qe5 37. Qd4 Qb8 38. Qb4 Qb7 39. f3 e5 40. Qc5 Qa6 41. Qc2+ g6 42. Qb2 Qb7 43. Qb5 d4 44. Qxe5 d3 45. Qd4 Qa6 46. g4 Qa2+ 47. Kg3 Qe2 48. b7 d2 49. b8=Q Qe1+ 50. Kf4 g5+ 51. hxg5 hxg5+ 52. Kxg5 f6+ 53. Qxf6 Qxe3+ 54. Qbf4 Qxf4+ 55. Qxf4 d1=Q 56. Qf5+ Kh8 57. Qf6+ Kh7 58. Qf5+ Kh8 59. Kg6 Qd8 60. Qf6+ Qxf6+ 61. Kxf6 Kh7 62. g5 Kg8 63. Kg6 Kh8 64. Kf7 Kh7 65. g6+ Kh6 66. g7 Kg5 67. g8=Q+ Kf4 68. Qg4+ Ke5 69. Kg7 Kd6 70. f4 Kc7 71. f5 Kd8 72. f6 Ke8 73. f7+ Ke7 74. f8=Q# 1-0


[Site "https://www.chess.com"]

[Event "Titled Tuesday Blitz March 07 Early 2023"]
[White "Bews, Steven"]
[Black "Petrova, Irina"]
[WhiteFideId "2400529"]
[BlackFideId "14124122"]
[WhiteElo "2607"]
[BlackElo "2084"]
[Result "0-1"]
[Round "03"]
[TimeControl "180+2"]
[Date "2023.03.07"]
[WhiteClock "0:00:28"]
[BlackClock "0:01:03"]

1. e4 d6 2. d3 Nf6 3. c4 g6 4. Nc3 Bg7 5. Nf3 O-O 6. Be2 e5 7. O-O Nc6 8. d4 exd4 9. Nxd4 Re8 10. Nxc6 bxc6 11. f3 Be6 12. Bg5 Rb8 13. Qd2 h6 14. Bxh6 Bxh6 15. Qxh6 Rxb2 16. Rad1 Nd7 17. f4 Qf6 18. e5 dxe5 19. f5 gxf5 20. Qc1 Rbb8 21. Ne4 Qg7 22. Ng5 Nf6 23. Rd3 f4 24. g3 Qxg5 25. Kh1 Bg4 26. gxf4 exf4 27. Bxg4 Nxg4 28. Rg3 f5 29. Rxf4 Re1+ 30. Qxe1 Qxf4 31. Qe6+ Kf8 0-1


[Site "https://www.chess.com"]

[Event "Titled Tuesday Blitz March 07 Early 2023"]
[White "Jimenez Almeida, Luis David"]
[Black "Pino Perez, Lazaro"]
[WhiteFideId "22242244"]
[BlackFideId "3517055"]
[WhiteElo "2245"]
[BlackElo "2170"]
[Result "1-0"]
[Round "03"]
[TimeControl "180+2"]
[Date "2023.03.07"]
[WhiteClock "0:00:27"]
[BlackClock "0:00:01"]

1. e4 c5 2. Nc3 g6 3. h4 h5 4. Nh3 Bg7 5. Ng5 Nc6 6. d3 e6 7. Be3 Nd4 8. Qd2 Ne7 9. Nd1 b6 10. c3 Ndc6 11. g3 d5 12. f4 d4 13. Bf2 e5 14. c4 Bg4 15. Be2 Qd7 16. a3 Rb8 17. b4 Bxe2 18. Kxe2 Qg4+ 19. Nf3 Bh6 20. b5 Na5 21. Qc2 exf4 22. gxf4 Bxf4 23. Rg1 Qd7 24. Bg3 Bxg3 25. Rxg3 Nec6 26. Nf2 Ne7 27. Rag1 Nb7 28. e5 Nf5 29. Rg5 Ne3 30. Qd2 Nd8 31. Ne4 Qh3 32. R5g3 Qe6 33. Nf6+ Kf8 34. Ng5 Qe7 35. Rf3 Ne6 36. Nxf7 1-0


[Site "https://www.chess.com"]

[Event "Titled Tuesday Blitz March 07 Early 2023"]
[White "Matutururu, Maxman"]
[Black "Chylewski, Patryk"]
[WhiteFideId "11004487"]
[BlackFideId "1186191"]
[WhiteElo "2407"]
[BlackElo "2163"]
[Result "1/2-1/2"]
[Round "03"]
[TimeControl "180+2"]
[Date "2023.03.07"]
[WhiteClock "0:00:16"]
[BlackClock "0:00:03"]

1. d4 Nf6 2. c4 e6 3. Nc3 Bb4 4. Nf3 b6 5. e3 Bb7 6. Bd3 O-O 7. O-O d5 8. cxd5 exd5 9. Ne5 Nbd7 10. f4 Ne4 11. Nxe4 dxe4 12. Bc4 Nxe5 13. fxe5 Bd5 14. Qb3 Bxc4 15. Qxc4 Be7 16. d5 a5 17. Qxe4 Bc5 18. Bd2 Qe7 19. Bc3 Rae8 20. Rf5 g6 21. Rf3 Bd6 22. e6 fxe6 23. Rxf8+ Kxf8 24. Rf1+ Kg8 25. Rf6 e5 26. Re6 Qf7 27. Rxe8+ Qxe8 28. Kf2 Qb5 29. a4 Qe8 30. Ke2 Qe7 31. h3 Kf7 32. Be1 Qf6 33. Bh4 Qf5 34. Qxf5+ gxf5 35. e4 Kg6 36. Kf3 h5 37. Be1 Kg5 38. Bd2+ Kf6 39. Be1 f4 40. Bh4+ Kg6 41. g3 fxg3 42. Bxg3 Kg5 43. Bf2 Be7 44. b3 Bd6 45. Be3+ Kh4 46. Kg2 Be7 47. Bf2+ Kg5 48. Kf3 Bd6 1/2-1/2


[Site "https://www.chess.com"]

[Event "Titled Tuesday Blitz March 07 Early 2023"]
[White "Czopor, Maciej"]
[Black "Koridze, Lile"]
[WhiteFideId "21805431"]
[BlackFideId "13612514"]
[WhiteElo "2324"]
[BlackElo "2047"]
[Result "1-0"]
[Round "03"]
[TimeControl "180+2"]
[Date "2023.03.07"]
[WhiteClock "0:02:06"]
[BlackClock "0:00:55"]

1. c4 e5 2. Nc3 Nf6 3. e3 d5 4. cxd5 Nxd5 5. Qc2 Nc6 6. a3 Be7 7. Nf3 Be6 8. Be2 O-O 9. O-O Qd7 10. d3 Nxc3 11. Qxc3 f6 12. b4 a6 13. Bb2 Bd5 14. Rac1 Rad8 15. Rfd1 Qe8 16. Nd2 Qg6 17. Bf1 Be6 18. Ne4 Bg4 19. Rd2 f5 20. Nc5 f4 21. Nxb7 fxe3 22. fxe3 Bg5 23. Re1 Rxf1+ 24. Kxf1 Rf8+ 25. Rf2 Rxf2+ 26. Kxf2 Bh4+ 27. g3 Qf5+ 28. Kg1 Qf3 29. Qc4+ Kh8 30. Qe4 1-0


[Site "https://www.chess.com"]

[Event "Titled Tuesday Blitz March 07 Early 2023"]
[White "Fiorito, Joaquin"]
[Black "sissahungrychess"]
[WhiteFideId "180173"]
[WhiteElo "2157"]
[BlackElo "2403"]
[Result "1-0"]
[Round "03"]
[TimeControl "180+2"]
[Date "2023.03.07"]
[WhiteClock "0:00:11"]
[BlackClock "0:00:13"]

1. d4 Nf6 2. Nc3 d5 3. Bf4 e6 4. Nb5 Na6 5. e3 Be7 6. Nf3 O-O 7. a3 Bd7 8. h3 c5 9. c3 Ne4 10. a4 Be8 11. Bd3 f5 12. Ne5 Nd6 13. g4 c4 14. Nxd6 Bxd6 15. Bc2 Qh4 16. Bg3 Qf6 17. gxf5 exf5 18. Qf3 Nc7 19. h4 Bc6 20. h5 Ne6 21. Bf4 Ng5 22. Qg2 Nf7 23. Nxf7 Rxf7 24. Rg1 Bxf4 25. exf4 Re8+ 26. Kd2 Qh4 27. Qg3 Qxh5 28. Bd1 Qh6 29. Bf3 Rfe7 30. Rh1 Qf6 31. Rh5 g6 32. Rah1 Rg7 33. Rg5 Re6 34. Qg2 Rd6 35. Re1 Re7 36. Re5 Qf7 37. Rgxf5 Rf6 38. Rxe7 Qxe7 39. Bxd5+ Kg7 40. Re5 Qf8 41. Bxc6 bxc6 42. Qg5 Rxf4 43. Qe7+ Rf7 44. Qxf8+ Kxf8 45. Ke3 h5 46. Rc5 Rf6 47. f3 h4 48. Kf2 Ke7 49. Ra5 Kd6 50. Rxa7 g5 51. Rg7 Rf5 52. Kg2 Ra5 53. Rg6+ Kd7 54. Kh3 Rxa4 55. Rxg5 Ra2 56. Rg2 Ke6 57. Kxh4 Kf5 58. Kg3 Ra1 59. Re2 Rg1+ 60. Kf2 Rc1 61. Re5+ Kf6 62. Rc5 Rc2+ 63. Kg3 Rxb2 64. Rxc6+ Kf5 65. Rxc4 Rc2 66. Rc5+ Kf6 67. Kf4 Rc1 68. Rc6+ Ke7 69. d5 Kd7 70. c4 Rd1 71. Kf5 Re1 72. f4 Re8 73. Rf6 Re2 74. c5 Rd2 75. Rd6+ Kc7 76. Rc6+ Kd7 77. Rd6+ Ke7 78. Ke5 Re2+ 79. Kd4 Rd2+ 80. Kc4 Rf2 81. Rh6 Rxf4+ 82. Kb5 Rf1 83. Rh7+ Kd8 84. Kc6 1-0


[Site "https://www.chess.com"]

[Event "Titled Tuesday Blitz March 07 Early 2023"]
[White "Czernek, Tymon"]
[Black "Foerster-Yialamas, Lucas"]
[WhiteFideId "1199510"]
[BlackFideId "30901774"]
[WhiteElo "2156"]
[BlackElo "2067"]
[Result "0-1"]
[Round "03"]
[TimeControl "180+2"]
[Date "2023.03.07"]
[WhiteClock "0:00:11"]
[BlackClock "0:00:13"]

1. e4 c5 2. Nf3 e6 3. d4 cxd4 4. Nxd4 a6 5. Bd3 Nc6 6. Nb3 g6 7. O-O Bg7 8. f4 Nge7 9. Kh1 O-O 10. Nc3 d5 11. e5 f5 12. exf6 Bxf6 13. Ne2 e5 14. fxe5 Nxe5 15. Bh6 Rf7 16. Ng3 Nxd3 17. Qxd3 Nf5 18. Nxf5 Bxf5 19. Rxf5 gxf5 20. Rf1 Bxb2 21. Nd4 Qf6 22. Nxf5 Kh8 23. g4 Rg8 24. h3 Rg6 25. Be3 Qe5 26. Rb1 Bc3 27. Rb3 Ba1 28. c3 Kg8 29. Rb1 Bxc3 30. Rc1 d4 31. Bd2 Bxd2 32. Rc8+ Rf8 33. Qc4+ Re6 34. Rxf8+ Kxf8 35. Qc8+ Re8 36. Qd7 Qe1+ 37. Kg2 Re2+ 38. Kf3 Qf2# 0-1


[Site "https://www.chess.com"]

[Event "Titled Tuesday Blitz March 07 Early 2023"]
[White "Yelisieiev, Yevhenii"]
[Black "Zhukova, Natalia"]
[WhiteFideId "14139642"]
[BlackFideId "14101513"]
[WhiteElo "2447"]
[BlackElo "2297"]
[Result "1-0"]
[Round "03"]
[TimeControl "180+2"]
[Date "2023.03.07"]
[WhiteClock "0:00:08"]
[BlackClock "0:00:01"]

1. d4 Nf6 2. Nf3 d5 3. c4 e6 4. Nc3 c5 5. cxd5 Nxd5 6. e3 Nc6 7. Bd3 cxd4 8. exd4 Be7 9. O-O O-O 10. Qe2 Nf6 11. Rd1 b6 12. Bg5 Bb7 13. Rac1 g6 14. Bb1 Nd5 15. Bxe7 Ncxe7 16. Ne4 Nf5 17. Ne5 Qh4 18. g3 Qe7 19. h4 Nxh4 20. gxh4 Qxh4 21. Qf3 f6 22. Nc4 Rad8 23. Qg3 Qh5 24. Ncd2 f5 25. Nd6 f4 26. Qf3 Qxf3 27. Nxf3 Rxd6 28. Ne5 Rdd8 29. Be4 Rc8 30. Nc4 Rfd8 31. f3 Ba6 32. Ne5 Ne3 33. Rxc8 Rxc8 34. Rd2 Rd8 35. Kf2 Nc4 36. Rc2 Nd6 37. Nc6 Re8 38. d5 Nxe4+ 39. fxe4 exd5 40. exd5 Bb7 41. Kf3 1-0


[Site "https://www.chess.com"]

[Event "Titled Tuesday Blitz March 07 Early 2023"]
[White "Sielecki, Christof"]
[Black "Rios Escobar, Adan"]
[WhiteFideId "4620437"]
[BlackFideId "3403645"]
[WhiteElo "2443"]
[BlackElo "2399"]
[Result "1-0"]
[Round "03"]
[TimeControl "180+2"]
[Date "2023.03.07"]
[WhiteClock "0:00:03"]
[BlackClock "0:00:01"]

1. e4 c5 2. Nf3 d6 3. Bb5+ Nd7 4. c3 Nf6 5. Qe2 a6 6. Ba4 b5 7. Bc2 Bb7 8. d4 e6 9. O-O Be7 10. Nbd2 cxd4 11. cxd4 e5 12. d5 Rc8 13. Nb3 Nb6 14. Na5 Qc7 15. Bd3 Nc4 16. Nxb7 Qxb7 17. b3 Nb6 18. a4 O-O 19. axb5 axb5 20. Bxb5 Rc3 21. Bc6 Qc7 22. Nd2 Rb8 23. Ba3 Nbd7 24. Rfc1 Rxc1+ 25. Bxc1 Nc5 26. Qc4 Nh5 27. b4 Nd7 28. g3 Bd8 29. b5 Nb6 30. Qd3 Qe7 31. Nc4 Nc8 32. Rb1 Nb6 33. Be3 Nxc4 34. Qxc4 Bb6 35. Bxb6 Rxb6 36. Ra1 g6 37. Ra6 Qc7 38. Qa4 Nf6 39. Qa5 1-0


[Site "https://www.chess.com"]

[Event "Titled Tuesday Blitz March 07 Early 2023"]
[White "Szyszylo, Rafal"]
[Black "Moksh Amit Doshi"]
[WhiteFideId "1109626"]
[BlackFideId "25064967"]
[WhiteElo "1951"]
[BlackElo "2297"]
[Result "0-1"]
[Round "03"]
[TimeControl "180+2"]
[Date "2023.03.07"]
[WhiteClock "0:01:01"]
[BlackClock "0:02:04"]

1. e4 c5 2. Nf3 d6 3. d4 cxd4 4. Nxd4 Nf6 5. Nc3 a6 6. Bc4 e6 7. Bb3 Nbd7 8. f4 Nc5 9. e5 dxe5 10. fxe5 Nfd7 11. Bf4 Be7 12. Qd2 Qc7 13. O-O-O b5 14. Rhe1 Bb7 15. Kb1 O-O 16. Bd5 b4 17. Bxb7 bxc3 18. Qxc3 Qxb7 19. Qg3 Rab8 20. b3 Rfc8 21. Bh6 Bf8 22. h4 Ne4 23. Bd2 Nxg3 0-1


[Site "https://www.chess.com"]

[Event "Titled Tuesday Blitz March 07 Early 2023"]
[White "Ansh M Shah"]
[Black "Yaksin, Oleg"]
[WhiteFideId "25033379"]
[BlackFideId "24105880"]
[WhiteElo "2084"]
[BlackElo "2289"]
[Result "0-1"]
[Round "03"]
[TimeControl "180+2"]
[Date "2023.03.07"]
[WhiteClock "0:00:01"]
[BlackClock "0:01:04"]

1. d4 Nf6 2. c4 e6 3. g3 d5 4. Bg2 dxc4 5. Nf3 a6 6. Ne5 c5 7. O-O cxd4 8. Nxc4 Ra7 9. e3 b5 10. Ne5 Bb7 11. Qxd4 Qxd4 12. exd4 Bxg2 13. Kxg2 Bd6 14. Be3 Nd5 15. Nc3 Nxc3 16. bxc3 Rc7 17. Rfc1 Nd7 18. c4 Nxe5 19. dxe5 Bxe5 20. cxb5 axb5 21. Rxc7 Bxc7 22. Rb1 Kd7 23. Rxb5 Ra8 24. Rb2 Be5 25. Rb7+ Ke8 26. Rb5 Bc7 27. Rc5 Kd7 28. Rc2 Be5 29. Kf3 f5 30. h4 Ra3 31. Ke2 Bd6 32. Rd2 Kc6 33. Kd1 e5 34. Kc1 f4 35. gxf4 exf4 36. Bd4 g6 37. Kb2 Rh3 38. Bf6 Bc5 39. Rc2 Kd5 40. a4 Rh2 41. a5 Rxf2 42. a6 Rxc2+ 43. Kxc2 Kc6 44. Kd3 f3 45. Bc3 Kb6 46. Ke4 f2 0-1


[Site "https://www.chess.com"]

[Event "Titled Tuesday Blitz March 07 Early 2023"]
[White "Pinheiro, Iung Alicio de O."]
[Black "Begunov, Konstantin"]
[WhiteFideId "2104350"]
[BlackFideId "4118510"]
[WhiteElo "2283"]
[BlackElo "2079"]
[Result "0-1"]
[Round "03"]
[TimeControl "180+2"]
[Date "2023.03.07"]
[WhiteClock "0:00:02"]
[BlackClock "0:00:07"]

1. e4 c5 2. Nf3 d6 3. Bc4 a6 4. a4 Nc6 5. Qe2 Nf6 6. e5 dxe5 7. Nxe5 Nxe5 8. Qxe5 e6 9. O-O Bd6 10. Qe2 Qc7 11. h3 Bd7 12. a5 Bc6 13. Nc3 O-O 14. d3 Bh2+ 15. Kh1 Bf4 16. Be3 Bxe3 17. fxe3 Nd5 18. Ne4 Qe7 19. Nd2 Rad8 20. e4 Nf6 21. Nb3 Nd7 22. Rf2 Kh8 23. Raf1 f6 24. Qe3 Rc8 25. Rf4 Ba4 26. Nd2 Ne5 27. b3 Bb5 28. Qg3 Bxc4 29. Nxc4 Nxc4 30. bxc4 e5 31. R4f2 Qc7 32. Ra1 b5 33. axb6 Qxb6 34. Rff1 Ra8 35. Rfb1 Qc7 36. Qe1 a5 37. Ra4 Rfb8 38. Rb5 Rxb5 39. cxb5 Qb6 40. c4 h6 41. Qa1 Ra7 42. Kh2 Ra8 43. Qc3 Ra7 44. Qb3 Ra8 45. Ra1 Ra7 46. Qa4 Ra8 47. Ra2 Ra7 48. Re2 Ra8 49. Rc2 Ra7 50. Re2 Ra8 51. Re3 Ra7 52. Rg3 Ra8 53. Rf3 Ra7 54. Qa3 Ra8 55. d4 exd4 56. e5 fxe5 57. Qd3 Qe6 58. Qe4 Rd8 59. Rf5 Re8 60. Qg4 Qxc4 61. b6 Qb5 62. Rf7 Rg8 63. b7 d3 64. Qc8 d2 65. Rf8 d1=Q 66. Rxg8+ Kh7 0-1


[Site "https://www.chess.com"]

[Event "Titled Tuesday Blitz March 07 Early 2023"]
[White "Markus, Robert"]
[Black "Sekar, B"]
[WhiteFideId "921637"]
[BlackFideId "5043743"]
[WhiteElo "2623"]
[BlackElo "2258"]
[Result "1-0"]
[Round "03"]
[TimeControl "180+2"]
[Date "2023.03.07"]
[WhiteClock "0:00:14"]
[BlackClock "0:00:26"]

1. e4 c5 2. Nf3 d6 3. d4 cxd4 4. Nxd4 Nf6 5. Nc3 a6 6. h4 e5 7. Nf5 d5 8. Bg5 d4 9. Nd5 Bxf5 10. Bxf6 gxf6 11. Qf3 Be6 12. Nxf6+ Ke7 13. Nh5 Nd7 14. Bd3 Qa5+ 15. Kf1 Rg8 16. Ng3 Qd2 17. Nf5+ Bxf5 18. exf5 Rb8 19. Re1 Kd8 20. Qd5 Qh6 21. Qxf7 Qg7 22. Qd5 Be7 23. Bc4 Rf8 24. Bd3 Qf6 25. c3 dxc3 26. bxc3 Qc6 27. Qa5+ Qc7 28. Qd5 Qc5 29. Qe6 Rf6 30. Qg8+ Kc7 31. Qxh7 Qxc3 32. Be4 Bc5 33. Rd1 Bd4 34. Ke2 Qc4+ 35. Bd3 Qf7 36. Rc1+ Kd6 37. Qxf7 Rxf7 38. g4 Nc5 39. Bb1 e4 40. Rhd1 Ke5 41. Rc4 Rd8 42. Rxc5+ Bxc5 43. Rxd8 Kf4 44. Re8 e3 45. Re4# 1-0


[Site "https://www.chess.com"]

[Event "Titled Tuesday Blitz March 07 Early 2023"]
[White "Djokovic, Nebojsa"]
[Black "Leve, Nitai"]
[WhiteFideId "938300"]
[BlackFideId "2006898"]
[WhiteElo "2579"]
[BlackElo "2144"]
[Result "1-0"]
[Round "03"]
[TimeControl "180+2"]
[Date "2023.03.07"]
[WhiteClock "0:00:14"]
[BlackClock "0:00:06"]

1. c4 e5 2. Nc3 Nf6 3. Nf3 Nc6 4. g3 Bc5 5. d3 d6 6. Bg2 Bg4 7. O-O Qd7 8. Rb1 a5 9. a3 Bh3 10. Bg5 Ng8 11. Nd5 f6 12. Bxh3 Qxh3 13. Nxc7+ Kd7 14. Nxa8 fxg5 15. Nxg5 Qh5 16. Ne4 Ba7 17. Qb3 Nd8 18. Nb6+ Bxb6 19. Qxb6 Nh6 20. Qxd6+ Kc8 21. b4 Qh3 22. Ng5 Qg4 23. Nf3 Re8 24. bxa5 Re6 25. Qd5 Nhf7 26. Rb6 Rxb6 27. axb6 Qd7 28. Qa5 Qc6 29. Nxe5 Nxe5 30. Qxe5 Ne6 31. Rb1 h6 32. Rb5 Kd7 33. Rd5+ Ke7 34. c5 Kf7 35. Rd6 Qc8 36. Qxe6+ Qxe6 37. Rxe6 Kxe6 38. c6 bxc6 39. b7 1-0


[Site "https://www.chess.com"]

[Event "Titled Tuesday Blitz March 07 Early 2023"]
[White "Ozates, Tuna"]
[Black "Bas Mas, Jose Joaquin"]
[WhiteFideId "6354521"]
[BlackFideId "22219064"]
[WhiteElo "2151"]
[BlackElo "2233"]
[Result "1-0"]
[Round "03"]
[TimeControl "180+2"]
[Date "2023.03.07"]
[WhiteClock "0:01:31"]
[BlackClock "0:00:57"]

1. e4 e6 2. d4 d5 3. exd5 exd5 4. Bd3 Bd6 5. Qf3 Nf6 6. h3 c6 7. Bf4 Be6 8. Ne2 O-O 9. Nd2 a5 10. g4 Re8 11. O-O-O Na6 12. g5 Bxf4 13. Nxf4 Nd7 14. h4 Nb4 15. Rdg1 Nf8 16. h5 Nxd3+ 17. Qxd3 Qd7 18. g6 Bf5 19. gxh7+ Nxh7 20. Qg3 f6 21. Nf3 Re4 22. Nh4 Rae8 23. Nxf5 Ng5 24. Ne3 Rxd4 25. h6 Qc7 26. hxg7 Qxf4 27. Qxf4 Rxf4 28. Rh8+ 1-0


[Site "https://www.chess.com"]

[Event "Titled Tuesday Blitz March 07 Early 2023"]
[White "Andrews, Todd"]
[Black "Shapiro, Viktor"]
[WhiteFideId "2012456"]
[BlackFideId "4175700"]
[WhiteElo "2393"]
[BlackElo "2152"]
[Result "0-1"]
[Round "03"]
[TimeControl "180+2"]
[Date "2023.03.07"]
[WhiteClock "0:00:02"]
[BlackClock "0:00:20"]

1. e4 Nf6 2. e5 Nd5 3. c4 Nb6 4. a4 a5 5. Ra3 d6 6. exd6 cxd6 7. Rg3 g6 8. h4 h5 9. Nc3 Bg7 10. d3 Nc6 11. Nf3 Bg4 12. Be2 e5 13. Ng5 Bxe2 14. Nxe2 d5 15. c5 Nd7 16. O-O Nxc5 17. d4 exd4 18. Nf4 Qd7 19. Re1+ Kf8 20. Nxf7 Kxf7 21. Nxg6 Rae8 22. Nxh8+ Rxh8 23. Qf3+ Kg8 24. Bg5 Ne4 25. Rxe4 dxe4 26. Qxe4 Ne5 27. Rb3 Qc6 28. Qf5 d3 29. Rb5 Ng6 30. Rc5 Qd6 31. Rd5 Qc6 32. Rd8+ Kh7 33. Rxd3 Rf8 34. Qd7 Qxd7 35. Rxd7 b6 36. b3 Rc8 37. Rb7 Rc6 38. Be3 Nxh4 39. Bd4 Nf5 40. Bxb6 Kg6 41. Bxa5 Be5 42. Bd2 Rc2 43. Be3 Nxe3 44. fxe3 Kf5 45. Kf1 h4 46. Re7 Ke4 47. a5 Ra2 48. b4 Ra4 49. Ke2 Rxb4 50. a6 Rb2+ 51. Kd1 Rxg2 52. a7 Ra2 53. Kc1 h3 54. Kb1 Ra1+ 55. Kc2 h2 56. Rh7 Rxa7 57. Kd2 Rxh7 0-1


[Site "https://www.chess.com"]

[Event "Titled Tuesday Blitz March 07 Early 2023"]
[White "Topalov, Aleksandar"]
[Black "Klose, Eli"]
[WhiteFideId "925659"]
[BlackFideId "16242955"]
[WhiteElo "2151"]
[BlackElo "2574"]
[Result "1-0"]
[Round "03"]
[TimeControl "180+2"]
[Date "2023.03.07"]
[WhiteClock "0:01:47"]
[BlackClock "0:00:20"]

1. b3 Nf6 2. Bb2 g6 3. Bxf6 exf6 4. c4 Bg7 5. Nc3 f5 6. e3 O-O 7. Nge2 d6 8. g3 Nd7 9. Bg2 Re8 10. O-O Nf6 11. d3 a5 12. Rb1 c6 13. a3 Bd7 14. b4 axb4 15. axb4 Qc7 16. b5 Ra5 17. Qb3 Rea8 18. bxc6 bxc6 19. Qb6 R8a7 20. Qxc7 Rxc7 21. Rb8+ Bf8 22. Rfb1 Kg7 23. h3 Raa7 24. Nd4 Ra3 25. R8b3 Raa7 26. Rb6 Ra3 27. R1b3 Rxb3 28. Rxb3 c5 29. Ndb5 Rc8 30. Ra3 Rd8 31. Ra7 Bxb5 32. Nxb5 d5 33. Nc7 dxc4 34. Ne6+ 1-0


[Site "https://www.chess.com"]

[Event "Titled Tuesday Blitz March 07 Early 2023"]
[White "Garic, Radomir"]
[Black "Gabdrakhmanov, Azat"]
[WhiteFideId "920959"]
[BlackFideId "34189197"]
[WhiteElo "2204"]
[BlackElo "2266"]
[Result "0-1"]
[Round "03"]
[TimeControl "180+2"]
[Date "2023.03.07"]
[WhiteClock "0:00:02"]
[BlackClock "0:00:08"]

1. e4 c5 2. Nf3 e6 3. c3 d5 4. exd5 Qxd5 5. d4 Nf6 6. Be3 cxd4 7. cxd4 Nc6 8. Nc3 Qd6 9. a3 Be7 10. Bd3 O-O 11. O-O b6 12. Qe2 Bb7 13. Rad1 Rad8 14. Rfe1 Qb8 15. Bb1 Bd6 16. Bc1 Ne7 17. Ne5 Ng6 18. Nb5 Nxe5 19. dxe5 Bxe5 20. h3 Bf4 21. Bxf4 Qxf4 22. Nxa7 Rd5 23. Rxd5 Bxd5 24. Nb5 Qg5 25. g3 h5 26. Nc3 h4 27. Nxd5 exd5 28. Qe5 Qxe5 29. Rxe5 Rc8 30. Kg2 hxg3 31. Kxg3 Rc1 32. Ba2 Rc2 33. a4 Ne4+ 34. Kf4 Rxf2+ 35. Ke3 Rxb2 36. Bxd5 Nf6 37. Bf3 Rb3+ 38. Ke2 Rb4 39. Bc6 Rh4 40. Bb5 Rxh3 41. Re7 Rh5 42. Rb7 Nd5 43. Bc4 Rf5 44. Rb8+ Kh7 45. Bxd5 Rxd5 46. Rxb6 Rd4 47. a5 Ra4 48. Rb5 Kg6 49. Kd3 f5 50. Kc3 f4 51. Kb3 Ra1 52. Kb2 Re1 53. a6 Re6 54. a7 Ra6 55. Rb7 f3 56. Kc2 f2 57. Rb6+ Rxb6 58. a8=Q f1=Q 59. Qe8+ Kg5 60. Qe3+ Qf4 61. Qxb6 Qe4+ 62. Kd2 g6 63. Qd8+ Kf4 64. Qg8 g5 65. Qg7 Kg4 66. Qh6 Qf4+ 67. Ke2 Kg3 68. Qh5 g4 69. Qh1 Qf3+ 70. Qxf3+ gxf3+ 71. Kf1 f2 0-1


[Site "https://www.chess.com"]